 Dungeon Crawl Stone Soup version 0.23.0 (webtiles) character file.

Game seed: 17477904706948285866

7985 Jethus the Fighter (level 11, -10/87 HPs)
             Began as a Merfolk Skald on Feb 17, 2019.
             Was a Priest of Vehumet.
             Hit by a large rock thrown by a stone giant (41 damage)
             ... on level 9 of the Dungeon on Feb 18, 2019.
             The game lasted 01:15:38 (14366 turns).

Jethus the Fighter (Merfolk Skald)                 Turns: 14366, Time: 01:15:38

Health: -10/87     AC: 17    Str: 17    XL:     11   Next: 23%
Magic:  9/19       EV: 18    Int: 14    God:    Vehumet [***...]
Gold:   363        SH:  0    Dex: 14    Spells: 6/20 levels left

rFire    . . .     SeeInvis +   x - +5 trident (freeze)
rCold    . . .     Gourm    .   (no shield)
rNeg     . . .     Faith    .   j - +2 leather armour {MR+}
rPois    .         Spirit   .   k - +1 helmet
rElec    .         Reflect  .   g - +2 cloak
rCorr    .         Harm     .   f - +2 pair of gloves
MR       +....                  q - +0 pair of boots
Stlth    +++++.....             D - amulet of rage
HPRegen  1.24/turn              l - +2 ring of protection
MPRegen  0.16/turn              s - ring "Foovopp" {EV+2 Str+4}

@: about to teleport, shrouded, singing, regenerating (expiring)
A: change form in water, swift swim, stealthy swim, camouflage 1, see invisible,
subdued magic 1
a: Renounce Religion, Evoke Berserk Rage


You were on level 9 of the Dungeon.
You worshipped Vehumet.
Vehumet was most pleased with you.
You were not hungry.

You visited 1 branch of the dungeon, and saw 9 of its levels.

You collected 498 gold pieces.
You spent 135 gold pieces at shops.

Inventory:

Hand Weapons
 o - the cursed +3 spear "Jar Haklo" {vamp, rF+++ rC+ Str-5 Int+4}
   (You found it on level 9 of the Dungeon)

   It inflicts no extra harm, but heals its wielder when it wounds a living foe.
   It affects your strength (-5).
   It affects your intelligence (+4).
   It renders you almost immune to fire.
   It protects you from cold.
   It has a curse placed upon it.
 x - a +5 trident of freezing (weapon)
Missiles
 v - 32 poisoned needles (quivered)
Armour
 f - a +2 pair of gloves (worn)
 g - a +2 cloak (worn)
 h - a +2 robe of positive energy
 j - a +2 leather armour of magic resistance (worn)
 k - a +1 helmet (worn)
 q - a +0 pair of boots (worn)
 A - the +0 scale mail of Doskuito {rCorr Slay-3 SInv}
   (You found it on level 8 of the Dungeon)

   It affects your accuracy and damage with ranged weapons and melee attacks
   (-3).
   It lets you see invisible.
   It provides partial protection from all sources of acid and corrosion.
Jewellery
 l - a +2 ring of protection (left hand)
 n - an uncursed ring of resist corrosion
 s - the ring "Foovopp" (right hand) {EV+2 Str+4}
   (You bought it in a shop on level 5 of the Dungeon)

   [ring of evasion]

   It affects your evasion (+2).
   It affects your strength (+4).
 y - an uncursed ring of magical power
 D - an amulet of rage (around neck)
 G - a +3 ring of dexterity
Wands
 b - a wand of disintegration (9)
 i - a wand of flame (18)
 w - a wand of iceblast (9)
Scrolls
 e - 3 scrolls of teleportation
 p - a scroll of remove curse
 z - 2 scrolls of identify
 B - a scroll of amnesia
 C - a scroll of brand weapon
 E - 2 scrolls of blinking
Potions
 a - 2 potions of resistance
 c - 2 potions of brilliance
 m - a potion of cancellation
 r - a potion of ambrosia
 t - 2 potions of agility
 u - a potion of curing
Comestibles
 d - 14 rations
 F - 2 chunks of flesh


   Skills:
 * Level 8.4 Fighting
   Level 4.4(4.9) Short Blades
   Level 2.6(3.7) Long Blades
 + Level 7.4 Polearms
 + Level 4.3 Armour
 + Level 7.9 Dodging
 + Level 8.0 Stealth
 + Level 5.3 Spellcasting
 + Level 1.3 Conjurations
 + Level 6.9 Charms
 + Level 3.6 Evocations


You had 6 spell levels left.
You knew the following spells:

 Your Spells              Type           Power        Failure   Level  Hunger
a - Infusion              Chrm           ###.         1%          1    None
b - Song of Slaying       Chrm           ###.....     1%          2    ##.....
c - Regeneration          Chrm/Necr      ##........   12%         3    ###....
d - Shroud of Golubria    Chrm/Tloc      ##........   5%          2    ##.....
e - Spectral Weapon       Hex/Chrm       ##......     12%         3    ###....
f - Shock                 Conj/Air       #...         3%          1    None
g - Swiftness             Chrm/Air       ##......     5%          2    ##.....

Your spell library contained the following spells:

 Spells                   Type           Power        Failure   Level  Hunger
 Stone Arrow              Conj/Erth      #.....       11%         3    ###....
 Dazzling Spray           Conj/Hex       #.....       11%         3    ###....
 Static Discharge         Conj/Air       #.......     11%         3    ###....
 Corona                   Hex            #......      17%         1    None
 Summon Small Mammal      Summ           #...         17%         1    None
 Call Imp                 Summ           #.......     26%         2    ##.....
 Ensorcelled Hibernation  Hex/Ice        #.....       26%         2    ##.....
 Airstrike                Air            #.........   41%         4    ####...
 Call Canine Familiar     Summ           #.......     47%         3    ###....
 Confuse                  Hex            #.......     47%         3    ###....
 Summon Guardian Golem    Hex/Summ       #.......     47%         3    ###....
 Tukima's Dance           Hex            #.......     47%         3    ###....
 Lightning Bolt           Conj/Air       #.........   65%         5    ######.
 Summon Ice Beast         Ice/Summ       #.......     87%         4    ####...
 Summon Lightning Spire   Summ/Air       #.......     87%         4    ####...


Dungeon Overview and Level Annotations

Branches:
Dungeon (9/15)             Temple (0/1) D:6
   Lair: D:8-11         Orc: D:9-12

Altars:
Elyvilon
Fedhas
Gozag
Hepliaklqana
Kikubaaqudgha
Nemelex Xobeh
Trog
Uskayaw
Vehumet
Wu Jian
Xom
Zin
The Shining One

Shops:
D:5 *

Annotations:
D:9 Mad Loot


Innate Abilities, Weirdness & Mutations

You revert to your normal form in water You are very nimble and swift while swimming.
You are very stealthy in the water. (Stealth+)
Your skin changes colour to match your surroundings (Stealth+).
You have supernaturally acute eyesight. (SInv)
Your spells are a little easier to cast, but a little less powerful.


Message History

You closely miss the wolf spider.
The wolf spider is almost dead.
Your skin is crawling a little less now.
You feel sick. The wolf spider barely misses you.
The wolf spider completely misses you.
You puncture the wolf spider! You freeze the wolf spider.
You kill the wolf spider!
Vehumet accepts your kill.
You feel your power returning.
You feel sick.
The stone giant throws a large rock.
The large rock completely misses you.
You feel better.
The stone giant throws a large rock.
The large rock hits you!!
Press: ? - help, v - describe, . - travel
Here: a stone giant The floor.
As you read the scroll of teleportation, it crumbles to dust.
You feel strangely unstable.
The stone giant throws a large rock.
The large rock hits you!!
You are no longer magically infusing your attacks.
The stone giant throws a large rock.
The large rock hits you!!!
You die...

........#.....# ##.##...........
........#.....# #.##........###
........################.........
######### #..# #..####### ##y#
#..#....[. #C#hh# #..#......
#†#h.#+##..'...... ###
#(#9.#.##..#...... ..#######
#@#sz#.##..#...... #<......#
#.#YC#.#####....## #.......#
#.#''#.##.##....## #.......#
#.#?$#.##.......#. ........#
#(#$:#.########### ........#
#.####.# #.....#.# ##....##
#.....#.# ####''#### ......#.#
#..#..#..#


You could see a stone giant and a killer bee.

Vanquished Creatures
  A two-headed ogre (D:9)
  A wolf spider (D:9)
  2 hippogriffs (D:9)
  Sigmund (D:6)
  2 fire bats (D:5)
  Grum (D:9)
  2 hungry ghosts (D:7)
  2 orc warriors
  2 water moccasins
  Duvessa (D:7)
  A sky beast (D:6)
  An ice beast (D:8)
  2 necrophages
  4 wolves (D:9)
  12 ogres
  A crocodile (D:7)
  3 centaurs
  A big kobold (D:8)
  3 bullfrogs
  Dowan (D:7)
  2 wyvern skeletons (D:8)
  3 scorpions
  8 killer bees (D:8)
  A howler monkey (D:6)
  12 wights
  A centaur zombie (D:5)
  6 crimson imps
  2 centaur skeletons
  4 bullfrog zombies
  3 hounds
  8 orc priests
  2 jellies
  An orc wizard (D:9)
  2 bullfrog skeletons
  Terence (D:2)
  Jessica (D:3)
  3 iguanas
  Natasha (thrice) (D:3)
  5 worker ants
  A killer bee zombie (D:9)
  A hound zombie (D:5)
  2 worker ant zombies
  Robin (D:1)
  3 gnolls (D:8)
  9 adders
  2 shadow imps
  2 oozes
  An adder skeleton (D:5)
  A worm (D:6)
  5 leopard geckos
  28 orcs
  7 giant cockroaches
  14 goblins
  12 hobgoblins
  18 jackals
  7 kobolds
  5 quokkas
  11 bats
  5 frilled lizards
  2 leopard gecko skeletons
  4 rats
253 creatures vanquished.

Vanquished Creatures (others)
  A wizard (D:4)
  3 spectral weapons
4 creatures vanquished.

Grand Total: 257 creatures vanquished

Notes
Turn   | Place    | Note
-------+----------+-------------------------------------------
     0 | D:1      | Jethus the Merfolk Skald began the quest for the Orb.
     0 | D:1      | Reached XP level 1. HP: 16/16 MP: 3/3
   100 | D:1      | Reached XP level 2. HP: 18/22 MP: 5/5
   230 | D:1      | Reached skill level 1 in Armour
   502 | D:1      | Reached XP level 3. HP: 22/28 MP: 6/6
   714 | D:1      | Learned a level 2 spell: Song of Slaying
   718 | D:1      | Learned a level 3 spell: Regeneration
  1153 | D:2      | Reached XP level 4. HP: 27/34 MP: 3/7
  1159 | D:2      | Noticed Robin
  1405 | D:1      | Reached skill level 1 in Stealth
  1410 | D:1      | Killed Robin
  1816 | D:2      | Noticed Terence
  1830 | D:2      | Killed Terence
  1830 | D:2      | Reached skill level 1 in Short Blades
  2098 | D:2      | Reached XP level 5. HP: 39/39 MP: 8/8
  2374 | D:3      | Noticed Jessica
  2382 | D:3      | Killed Jessica
  2556 | D:3      | Found a radiant altar of Vehumet.
  2562 | D:3      | Became a worshipper of Vehumet
  2640 | D:3      | Noticed Natasha
  2655 | D:3      | Killed Natasha
  2671 | D:3      | Noticed Natasha
  2678 | D:3      | Killed Natasha
  2941 | D:3      | Noticed Natasha
  2950 | D:3      | Killed Natasha
  2950 | D:3      | Reached XP level 6. HP: 47/47 MP: 3/9
  3526 | D:4      | Found a bloodstained altar of Trog.
  4037 | D:4      | Found a glowing golden altar of the Shining One.
  4092 | D:4      | Found an ornate altar of the Wu Jian Council.
  6160 | D:4      | Reached XP level 7. HP: 39/52 MP: 0/11
  6331 | D:4      | Noticed a wizard
  6336 | D:4      | Killed a wizard
  6748 | D:5      | Entered Level 5 of the Dungeon
  7684 | D:5      | Found a blossoming altar of Fedhas.
  8361 | D:5      | Reached XP level 8. HP: 40/60 MP: 1/12
  8526 | D:5      | Found Osuok's Assorted Antiques.
  8558 | D:5      | Bought a vibrating ivory ring for 135 gold pieces
  8559 | D:5      | Identified the ring "Foovopp" {EV+2 Str+4} (You bought it
                  | in a shop on level 5 of the Dungeon)
  8623 | D:5      | Found a transporter.
  8624 | D:5      | Gained mutation: Your spells are a little easier to cast,
                  | but a little less powerful. [potion of mutation]
  8624 | D:5      | Gained mutation: Your skin changes colour to match your
                  | surroundings (Stealth+). [potion of mutation]
  8624 | D:5      | Gained mutation: You have supernaturally acute eyesight.
                  | (SInv) [potion of mutation]
  8645 | D:5      | Found a transporter.
  8683 | D:5      | Reached skill level 5 in Dodging
  8683 | D:5      | Reached skill level 5 in Stealth
  8691 | D:5      | Reached * piety under Vehumet
  8691 | D:5      | Offered knowledge of Flame Tongue by Vehumet.
  9046 | D:5      | Reached skill level 5 in Charms
  9107 | D:5      | Found a white marble altar of Elyvilon.
  9164 | D:5      | Reached skill level 5 in Fighting
  9404 | D:6      | Found a hide-covered altar of Uskayaw.
  9704 | D:6      | Reached XP level 9. HP: 67/67 MP: 9/14
  9740 | D:6      | Noticed Sigmund
  9847 | D:6      | Found a staircase to the Ecumenical Temple.
 10101 | D:6      | Learned a level 2 spell: Shroud of Golubria
 10105 | D:6      | Learned a level 3 spell: Spectral Weapon
 10119 | D:6      | Killed Sigmund
 10119 | D:6      | Reached skill level 1 in Polearms
 10575 | D:7      | Found an opulent altar of Gozag.
 10576 | D:7      | Noticed Duvessa
 10578 | D:7      | Noticed Dowan
 10600 | D:7      | Killed Duvessa
 10634 | D:7      | Reached skill level 1 in Evocations
 10636 | D:7      | Killed Dowan
 11128 | D:7      | Reached ** piety under Vehumet
 11401 | D:7      | Offered knowledge of Shock by Vehumet.
 11404 | D:7      | Learned a level 1 spell: Shock
 11592 | D:8      | Found a shimmering altar of Xom.
 11593 | D:8      | Found a hazy altar of Hepliaklqana.
 11594 | D:8      | Noticed a spectral ugly thing
 11675 | D:8      | Reached XP level 10. HP: 76/76 MP: 4/16
 11692 | D:8      | Reached skill level 5 in Polearms
 11911 | D:8      | Found a shimmering altar of Xom.
 12077 | D:8      | Offered knowledge of Throw Flame by Vehumet.
 12367 | D:8      | Learned a level 2 spell: Swiftness
 12433 | D:8      | Got a pitted scale mail
 12507 | D:8      | Identified the +0 scale mail of Doskuito {rCorr Slay-3
                  | SInv} (You found it on level 8 of the Dungeon)
 12522 | D:8      | Found a sparkling altar of Nemelex Xobeh.
 13020 | D:9      | Reached *** piety under Vehumet
 13388 | D:9      | Noticed a gargoyle
 13390 | D:9      | Noticed a cyclops
 13391 | D:9      | Found a transporter.
 13391 | D:9      | Found a glowing silver altar of Zin.
 13394 | D:9      | Noticed a two-headed ogre
 13396 | D:9      | Found a transporter.
 13555 | D:9      | Found an ancient bone altar of Kikubaaqudgha.
 13767 | D:9      | Offered knowledge of Stone Arrow by Vehumet.
 13767 | D:9      | Reached skill level 5 in Spellcasting
 13785 | D:9      | Noticed Grum
 13841 | D:9      | Killed Grum
 14011 | D:9      | Reached XP level 11. HP: 85/85 MP: 18/18
 14072 | D:9      | Noticed a two-headed ogre
 14083 | D:9      | Killed a two-headed ogre
 14083 | D:9      | Reached skill level 1 in Conjurations
 14088 | D:9      | Got a jewelled spear
 14089 | D:9      | Identified the cursed +3 spear "Jar Haklo" {vamp, rF+++ rC+
                  | Str-5 Int+4} (You found it on level 9 of the Dungeon)
 14339 | D:9      | Noticed a wolf spider
 14339 | D:9      | Noticed a stone giant
 14363 | D:9      | Killed a wolf spider
 14366 | D:9      | Hit by a large rock thrown by a stone giant

Skill      XL: |  1  2  3  4  5  6  7  8  9 10 11 |
---------------+----------------------------------+-----
Dodging        | 3 4 5 6 7 |  7.9
Armour         | 1 2 3 4 |  4.3
Stealth        | 1 2 3 4 6 7 8 |  8.0
Short Blades   | 1 2 3 4 |  4.4
Fighting       | 3 4 5 6 8 |  8.4
Charms         | 4 5 6 |  6.9
Spellcasting   | 3 4 5 |  5.3
Polearms       | 4 7 |  7.4
Evocations     | 1 3 |  3.6
Conjurations   | 1 |  1.3
Long Blades    | |  2.6

Action                   |  1- 3 |  4- 6 |  7- 9 | 10-12 || total
-------------------------+-------+-------+-------+-------++-------
Melee: Falchion          |    96 |       |       |       ||    96
       Short sword       |    32 |   258 |   365 |       ||   655
       Trident           |       |       |   133 |   300 ||   433
 Cast: Infusion          |     2 |    11 |    27 |    14 ||    54
       Song of Slaying   |       |     5 |     2 |     3 ||    10
       Regeneration      |       |     1 |    24 |     6 ||    31
       Shroud of Golubri |       |       |     5 |     9 ||    14
       Shock             |       |       |     4 |    28 ||    32
       Spectral Weapon   |       |       |     4 |     5 ||     9
       Swiftness         |       |       |       |     1 ||     1
 Abil: Evoke Berserk Rag |       |       |     1 |       ||     1
  Use: Scroll            |     6 |     4 |     5 |     4 ||    19
       Potion            |     2 |     2 |     5 |     1 ||    10
 Stab: Sleeping          |     1 |     6 |     9 |    11 ||    27
  Eat: Chunk             |     1 |     8 |     9 |     6 ||    24
       Ration            |       |     3 |     6 |     1 ||    10
Armor: Leather armour    |    38 |       |   123 |   113 ||   274
       Robe              |    14 |    61 |    18 |       ||    93
Dodge: Dodged            |   102 |   157 |   310 |   281 ||   850
       Rpst.: Falchion   |    27 |       |       |       ||    27
